 Dungeon Crawl Stone Soup version 0.29-a0-321-gf1c400731a (webtiles) character file.

Game seed: 8359210312663393913

238 cojito the Charlatan (level 6, -2/44 HPs)
             Began as a Gnoll Wanderer on Apr 4, 2022.
             Was a Follower of Sif Muna.
             Killed from afar by an orc wizard (8 damage)
             ... with a puff of flame
             ... on level 3 of the Dungeon.
             The game lasted 00:06:07 (3521 turns).

cojito the Charlatan (Gnoll Wanderer)               Turns: 3521, Time: 00:06:07

Health: -2/44      AC:  6    Str:  8 (11) XL:     6   Next: 7%
Magic:  10/11      EV: 11    Int: 13 (15) God:    Sif Muna [*.....]
Gold:   118        SH:  0    Dex:  8 (10) Spells: 9/11 levels left

rFire   . . .      SeeInvis .   p - +0 halberd
rCold   . . .      Faith    .   (shield currently unavailable)
rNeg    . . .      Spirit   .   d - +0 robe
rPois   .          Reflect  .   (no helmet)
rElec   .          Harm     .   s - +0 cloak
rCorr   .          Rampage  .   n - +2 pair of gloves
Will    .....                   (no boots)
Stlth   ++........              (no amulet)
HPRegen 0.14/turn               v - ring of flight
MPRegen 0.12/turn               (no ring)

@: lethally poisoned (-2 -> -21), attractive, flying, invisible
A: fangs 1, strong nose, distributed training
a: Renounce Religion, Channel Magic


You were on level 3 of the Dungeon.
You worshipped Sif Muna.
Sif Muna was aware of your devotion.
You visited 1 branch of the dungeon, and saw 4 of its levels.

You collected 118 gold pieces.

Inventory:

Hand Weapons
 e - a +0 spear
 p - a +0 halberd (weapon)
Missiles
 a - 10 poisoned darts
 t - 4 datura-tipped darts
Armour
 d - a +0 robe (worn)
 n - a +2 pair of gloves (worn)
 s - a +0 cloak (worn)
Jewellery
 v - a ring of flight (left hand)
Scrolls
 h - 2 scrolls of identify {unknown}
 i - a scroll of enchant weapon {unknown}
 j - a scroll of immolation {unknown}
 l - a scroll of blinking {unknown}
 m - 2 scrolls of teleportation {unknown}
 u - a scroll of magic mapping {unknown}
Potions
 c - a potion of invisibility
 f - 3 potions of degeneration
 g - a potion of flight {unknown}
 k - a potion of lignification {unknown}
 o - a potion of attraction
 q - a potion of might {unknown}
 w - a potion of brilliance {unknown}
Miscellaneous
 b - a piece from Xom's chessboard (14/15)


   Skills:
 + Level 1.8 Fighting
 + Level 6.8 Short Blades
 + Level 1.8 Long Blades
 + Level 1.8 Axes
 + Level 1.8 Maces & Flails
 + Level 1.8 Polearms
 + Level 1.8 Staves
 + Level 1.8 Slings
 + Level 1.8 Bows
 + Level 1.8 Crossbows
 + Level 1.8 Throwing
 + Level 1.8 Armour
 + Level 1.8 Dodging
 + Level 1.8 Stealth
 + Level 1.8 Shields
 + Level 1.8 Unarmed Combat
 + Level 3.3 Spellcasting
 + Level 1.4 Conjurations
 + Level 1.4 Hexes
 + Level 1.4 Summonings
 + Level 1.4 Necromancy
 + Level 1.4 Translocations
 + Level 1.4 Transmutations
 + Level 5.6 Fire Magic
 + Level 1.4 Ice Magic
 + Level 1.4 Air Magic
 + Level 1.4 Earth Magic
 + Level 1.4 Poison Magic
 + Level 2.0 Invocations
 + Level 6.8 Evocations


You had 9 spell levels left.
You knew the following spells:

 Your Spells              Type           Power      Damage    Failure   Level
a - Foxfire               Conj/Fire      44%        2x1d6     5%          1
b - Summon Small Mammal   Summ           20%        N/A       12%         1

Your spell library contained the following spells:

 Spells                   Type           Power      Damage    Failure   Level
 Animate Skeleton         Necr           10%        N/A       12%         1
 Pain                     Necr           20%        1d5       12%         1
 Sandblast                Erth           10%        2d5       12%         1
 Inner Flame              Hex/Fire       11%        N/A       16%         3
 Passwall                 Tmut/Erth      4%         N/A       19%         2
 Static Discharge         Conj/Air       5%         N/A       19%         2
 Call Canine Familiar     Summ           5%         N/A       36%         3
 Gell's Gravitas          Tloc           5%         N/A       36%         3
 Portal Projectile        Hex/Tloc       10%        N/A       36%         3
 Stone Arrow              Conj/Erth      10%        3d7       36%         3
 Summon Guardian Golem    Hex/Summ       5%         N/A       36%         3
 Teleport Other           Tloc           5%         N/A       36%         3
 Vampiric Draining        Necr           5%         2d6       36%         3
 Flame Wave               Conj/Fire      11%        2d5       45%         4
 Blade Hands              Tmut           2%         N/A       98%         5
 Excruciating Wounds      Necr           2%         N/A       98%         5
 Lightning Bolt           Conj/Air       2%         1d14      98%         5
 Dispersal                Tloc           2%         N/A       100%        6
 Maxwell's Capacitive Co  Air            2%         ∞         100%        8


Dungeon Overview and Level Annotations

Branches:
Dungeon (4/15)
 Temple: D:4-7

Altars:
Sif Muna


Innate Abilities, Weirdness & Mutations

You have very sharp teeth.
Your uncanny sense of smell can sniff out nearby items.
Your experience applies equally to all skills.


Message History

The orc priest hits you with a +0 dagger.
Something hits you.
You are poisoned.
You feel sick.
The orc priest hits you with a +0 dagger.
* * * LOW HITPOINT WARNING * * *
Something hits you but does no damage.
You fly upwards.
Reactivating autopickup.
* * * LOW HITPOINT WARNING * * *
You feel very sick.
There is a stone staircase leading down here.
You feel better. Something hits you.
* * * LOW HITPOINT WARNING * * *
Deactivating autopickup; reactivate with Ctrl-A.
The orc priest misses you.
You feel better. Something hits you.
You are poisoned.
The orc priest hits you but does no damage.
Press: ? - help, v - describe, . - travel
Here: an orc priest, wielding a +0 dagger and wearing a +0 leather armour (can't see you)
The floor.
Unknown command.
Unknown command.
You make a move on Xom's chessboard...
The orc priest suddenly stops moving!
* * * LOW HITPOINT WARNING * * *
You feel very sick. Something hits you but does no damage.
You are lethally poisoned!
The helpless orc priest fails to defend itself.
You hit the orc priest but do no damage.
* * * LOW HITPOINT WARNING * * *
You feel very sick. Something hits you.
* * * LOW HITPOINT WARNING * * *
You are more poisoned.
You hear some strange, mumbled words.
A puff of flame appears from out of thin air!
The puff of flame hits you!
You die...

# #.####### #
#.......# #
#.#####.# #####.#
#.# ......#####.#
##.##.....#.######
##.######........#
......# #.#[####{#
...##.###.#.# #@#
..........#.# #o#
#.###..#..#.####.#
#.###.###........#
.......#.......#.#
#.##..#.#.####.#.#
#.##..###.# #.#.#
....#.###.# #.#.#
...###..#.# #.#.#


You could see an orc priest (paralysed).

Vanquished Creatures
  A phantom (D:4)
  An orc priest (D:4)
  5 gnolls
  5 adders
  2 worms (D:3)
  2 orcs (D:3)
  An endoplasm (D:3)
  2 giant cockroaches (D:1)
  4 hobgoblins
  2 kobolds (D:1)
  4 quokkas
  4 ball pythons
  3 frilled lizards
  3 goblins (D:3)
  A rat (D:1)
40 creatures vanquished.

Vanquished Creatures (others)
  81 foxfires
81 creatures vanquished.

Grand Total: 121 creatures vanquished

Notes
Turn   | Place    | Note
-------+----------+-------------------------------------------
     0 | D:1      | cojito the Gnoll Wanderer began the quest for the Orb.
     0 | D:1      | cojito set off with the following items: a +0 short sword,
                  | a piece from Xom's chessboard (15/15), a potion of
                  | invisibility, a +0 robe; and the following spell memorised:
                  | Foxfire; and the following spells available to memorise:
                  | Inner Flame, Flame Wave
     0 | D:1      | Reached XP level 1. HP: 13/13 MP: 4/4
    28 | D:1      | Reached XP level 2. HP: 20/20 MP: 1/5
    71 | D:1      | Found a faded altar of an unknown god.
   343 | D:1      | Prayed at the altar of an unknown god.
   343 | D:1      | Became a worshipper of Sif Muna the Loreminder
   343 | D:1      | Reached * piety under Sif Muna
   963 | D:1      | Learned a level 1 spell: Summon Small Mammal
  1045 | D:2      | Reached XP level 3. HP: 21/25 MP: 0/7
  1142 | D:2      | Reached skill level 1 in Invocations
  1348 | D:2      | Reached skill level 1 in Fighting
  1348 | D:2      | Reached skill level 1 in Long Blades
  1348 | D:2      | Reached skill level 1 in Axes
  1348 | D:2      | Reached skill level 1 in Maces & Flails
  1348 | D:2      | Reached skill level 1 in Polearms
  1348 | D:2      | Reached skill level 1 in Staves
  1348 | D:2      | Reached skill level 1 in Slings
  1348 | D:2      | Reached skill level 1 in Bows
  1348 | D:2      | Reached skill level 1 in Crossbows
  1348 | D:2      | Reached skill level 1 in Throwing
  1348 | D:2      | Reached skill level 1 in Armour
  1348 | D:2      | Reached skill level 1 in Dodging
  1348 | D:2      | Reached skill level 1 in Stealth
  1348 | D:2      | Reached skill level 1 in Shields
  1348 | D:2      | Reached skill level 1 in Unarmed Combat
  1395 | D:2      | Reached XP level 4. HP: 32/32 MP: 4/8
  2038 | D:3      | Reached skill level 1 in Conjurations
  2038 | D:3      | Reached skill level 1 in Hexes
  2038 | D:3      | Reached skill level 1 in Summonings
  2038 | D:3      | Reached skill level 1 in Necromancy
  2038 | D:3      | Reached skill level 1 in Translocations
  2038 | D:3      | Reached skill level 1 in Transmutations
  2038 | D:3      | Reached skill level 1 in Ice Magic
  2038 | D:3      | Reached skill level 1 in Air Magic
  2038 | D:3      | Reached skill level 1 in Earth Magic
  2038 | D:3      | Reached skill level 1 in Poison Magic
  2647 | D:3      | Reached XP level 5. HP: 28/37 MP: 5/9
  3074 | D:4      | Noticed a phantom
  3089 | D:4      | Killed a phantom
  3268 | D:4      | Reached XP level 6. HP: 17/44 MP: 6/11
  3521 | D:3      | Killed from afar by an orc wizard

Illustrated notes

Levels and vault maps discovered:
D:1:      giann_horns, layout_basic, ebering_ecumenical_altar_webs,
          hangedman_decor_diamond_cutter
D:2:      wander_river, layout_basic
D:3:      layout_loops_ring, kennysheep_flooded_box
D:4:      layout_basic, grunt_ministairs_5, uniq_pikel

Skill      XL: |  1  2  3  4  5 |
---------------+----------------+-----
Invocations    | 1 2 |  2.0
Fighting       | 1 |  1.8
Long Blades    | 1 |  1.8
Axes           | 1 |  1.8
Maces & Flails | 1 |  1.8
Polearms       | 1 |  1.8
Staves         | 1 |  1.8
Slings         | 1 |  1.8
Bows           | 1 |  1.8
Crossbows      | 1 |  1.8
Throwing       | 1 |  1.8
Armour         | 1 |  1.8
Dodging        | 1 |  1.8
Stealth        | 1 |  1.8
Shields        | 1 |  1.8
Unarmed Combat | 1 |  1.8
Spellcasting   | 3 |  3.3
Conjurations   | 1 |  1.4
Hexes          | 1 |  1.4
Summonings     | 1 |  1.4
Necromancy     | 1 |  1.4
Translocations | 1 |  1.4
Transmutations | 1 |  1.4
Ice Magic      | 1 |  1.4
Air Magic      | 1 |  1.4
Earth Magic    | 1 |  1.4
Poison Magic   | 1 |  1.4
Short Blades   | |  6.8
Fire Magic     | |  5.6
Evocations     | |  6.8

Action                   |  1- 3 |  4- 6 || total
-------------------------+-------+-------++-------
Melee: Spear             |    43 |    32 ||    75
       Short sword       |     7 |       ||     7
       Bite              |     2 |     4 ||     6
       Punch             |     2 |       ||     2
       Halberd           |       |    75 ||    75
 Cast: Foxfire           |    13 |    35 ||    48
Evoke: Piece from Xom's  |       |     1 ||     1
  Use: Potion            |       |     6 ||     6
 Stab: Sleeping          |     1 |     3 ||     4
       Paralysed         |       |     1 ||     1
Armor: Robe              |    10 |    50 ||    60
Dodge: Dodged            |    27 |    79 ||   106

Table legend: (Time is in decaauts)
 A = Elapsed time spent in this place.
 B = Non-inter-level travel time spent in this place.
 C = Inter-level travel time spent in this place.
 D = Time resting spent in this place.
 E = Time spent auto-exploring this place.
 F = Levels seen in this place.
 G = Mean time per level.
                   A        B        C        D        E       F      G
               +--------+--------+--------+--------+--------+-----+--------+
         Total |   3602 |   3430 |    172 |    538 |   2320 |   4 |  900.5 |
       Dungeon |   3602 |   3430 |    172 |    538 |   2320 |   4 |  900.5 |
               +--------+--------+--------+--------+--------+-----+--------+

Top non-repeatable levels by time:
     D:3: 1311 daAuts
     D:2: 1071 daAuts
     D:1: 967 daAuts
     D:4: 253 daAuts
